 Dungeon Crawl Stone Soup version 0.31-a0-816-gd61d57ddb1 (webtiles) character file.

Game seed: 3812316960249046164

305 Essalna the Digger (level 6, 0/41 HPs)
             Began as a Demonspawn Earth Elementalist on Sept 22, 2023.
             Constricted to death by a ball python (1 damage)
             ... on level 4 of the Dungeon.
             The game lasted 00:03:33 (3059 turns).

Essalna the Digger (Demonspawn Earth Elementalist)  Turns: 3059, Time: 00:03:33

Health: 0/41       AC:  2    Str:  9    XL:     6   Next: 16%
Magic:  12/12      EV:  9    Int: 18    God:
Gold:   208        SH:  0    Dex: 13    Spells: 12/13 levels left

rFire   . . .        k - staff of earth
rCold   . . .        (no shield)
rNeg    . . .        a - +0 robe
rPois   .            (no helmet)
rElec   .            (cloak unavailable)
rCorr   .            (no gloves)
SInv    .            (no boots)
Will    .....        (no amulet)
Stlth   ++           (no ring)
HPRegen 0.26/turn    (no ring)
MPRegen 0.13/turn

%: no passive effects
@: constricted
A: powered by death 1, weakness stinger 3
a: no special abilities


You were on level 4 of the Dungeon.
You visited 1 branch of the dungeon, and saw 4 of its levels.

You collected 208 gold pieces.

Inventory:

Hand Weapons
 d - a +2 short sword of speed
 g - a +1 dagger of electrocution
 j - the +1 dagger of the Brewing Gods {protect, +Blink Str+3}
   (You found it on level 2 of the Dungeon)

   Str+3:     It affects your strength (+3).
   +Blink:    It lets you blink.
Armour
 a - a +0 robe (worn)
Magical Staves
 k - a staff of earth (weapon)
Scrolls
 c - 3 scrolls of vulnerability
 m - 2 scrolls of teleportation {unknown}
 o - a scroll of fog {unknown}
 p - a scroll of enchant armour {unknown}
 q - a scroll of identify {unknown}
Potions
 b - a potion of magic
 e - a potion of resistance {unknown}
 h - a potion of mutation {unknown}
 i - a potion of lignification {unknown}
 n - 2 potions of might {unknown}


   Skills:
 - Level 1.7 Dodging
 - Level 1.7 Stealth
 + Level 4.4 Spellcasting
 - Level 0.8 Transmutations
 + Level 4.8 Earth Magic


You had 12 spell levels left.
You knew the following spells:

 Your Spells              Type           Power      Damage    Failure   Level
a - Sandblast             Erth           64%        2d14      1%          1

Your spell library contained the following spells:

 Spells                   Type           Power      Damage    Failure   Level
 Passwall                 Tmut/Erth      17%        N/A       7%          2
 Stone Arrow              Conj/Erth      38%        3d9       16%         3
 Dazzling Flash           Conj/Hex       8%         N/A       38%         3
 Tukima's Dance           Hex            4%         N/A       38%         3
 Petrify                  Tmut/Erth      21%        N/A       41%         4
 Brom's Barrelling Bould  Conj/Erth      19%        2d4       45%         4
 Manifold Assault         Tloc           4%         N/A       80%         4
 Passage of Golubria      Tloc           4%         N/A       80%         4
 Yara's Violent Unravell  Hex/Tmut       2%         3d3       97%         5
 Agony                    Necr           4%         N/A       98%         5
 Silence                  Hex/Air        2%         N/A       98%         5
 Dispersal                Tloc           2%         N/A       100%        6
 Disjunction              Tloc           2%         N/A       100%        8


Dungeon Overview and Level Annotations

Branches:
Dungeon (4/15)
 Temple: D:4-7

Altars:
Nemelex Xobeh

Shops:
D:1 ?


Innate Abilities, Weirdness & Mutations

You regenerate a little health from kills.
You have a sharp stinger which inflicts weakening toxins.


Message History

The ball python constricts you. The ball python barely misses you.
The ball python constricts you. The ball python bites you.
The ball python constricts you. The ball python barely misses you.
The ball python constricts you. The ball python bites you.
* * * LOW HITPOINT WARNING * * *
The ball python constricts you.
* * * LOW HITPOINT WARNING * * *
The ball python bites you.
* * * LOW HITPOINT WARNING * * *
The ball python constricts you.
* * * LOW HITPOINT WARNING * * *
The ball python misses you. The ball python constricts you.
The ball python bites you.
* * * LOW HITPOINT WARNING * * *
The ball python constricts you.
* * * LOW HITPOINT WARNING * * *
The ball python barely misses you. The ball python constricts you.
The ball python bites you.
* * * LOW HITPOINT WARNING * * *
The ball python constricts you.
The ball python bites you but does no damage.
The ball python constricts you.
The ball python bites you but does no damage.
The ball python constricts you. The ball python completely misses you.
The ball python constricts you.
* * * LOW HITPOINT WARNING * * *
The ball python barely misses you. The ball python constricts you.
The ball python bites you but does no damage.
The ball python constricts you.
* * * LOW HITPOINT WARNING * * *
The ball python barely misses you. The ball python constricts you.
The ball python barely misses you. The ball python constricts you.
* * * LOW HITPOINT WARNING * * *
The ball python bites you.
* * * LOW HITPOINT WARNING * * *
The ball python constricts you.
* * * LOW HITPOINT WARNING * * *
The ball python barely misses you. The ball python constricts you.
You die...

##...............
#...............# .
##...............# ..
#...............##
...####.................
.....................#..
....................##..
...................###..
#..S@...........# #..
##..............## #..
#..............## #..
#.....$.......# #..
#.............## ##..
#.............# ##.).
#..............# ###....
..####.....##..###......
####...........###.


You could see a ball python.

Vanquished Creatures
  An ogre (D:4)
  A scorpion (D:4)
  An iguana (D:4)
  8 adders
  A dart slug (D:1)
  An orc (D:4)
  5 endoplasms
  6 giant cockroaches
  8 goblins
  2 hobgoblins
  6 jackals
  7 kobolds
  2 quokkas
  7 ball pythons
  3 bats
  5 frilled lizards
  6 rats
70 creatures vanquished.

Notes
Turn   | Place    | Note
-------+----------+-------------------------------------------
     0 | D:1      | Essalna the Demonspawn Earth Elementalist began the quest
                  | for the Orb.
     0 | D:1      | Reached XP level 1. HP: 13/13 MP: 3/3
   202 | D:1      | Gained mutation: You regenerate a little health from kills.
                  | [demonic ancestry]
   202 | D:1      | Reached XP level 2. HP: 19/19 MP: 1/5
   596 | D:1      | Found Ylifaob's Magic Scroll Boutique.
   885 | D:2      | Reached XP level 3. HP: 24/24 MP: 4/7
  1341 | D:2      | Identified the +1 dagger of the Brewing Gods {protect,
                  | +Blink Str+3}
  1510 | D:2      | Gained mutation: You have a small tail. [demonic ancestry]
  1510 | D:2      | Reached XP level 4. HP: 30/30 MP: 6/8
  2290 | D:3      | Found a faded altar of an unknown god.
  2348 | D:3      | Found a sparkling altar of Nemelex Xobeh.
  2691 | D:4      | Gained mutation: You have a tail ending in a sharp stinger.
                  | [demonic ancestry]
  2691 | D:4      | Reached XP level 5. HP: 35/35 MP: 8/10
  2708 | D:4      | Noticed an ogre
  2711 | D:4      | Killed an ogre
  2770 | D:4      | Gained mutation: You have a sharp stinger which inflicts
                  | weakening toxins. [demonic ancestry]
  2770 | D:4      | Reached XP level 6. HP: 41/41 MP: 7/12
  3059 | D:4      | HP: 2/41 [ball python (2)]
  3059 | D:4      | Constricted to death by a ball python

Illustrated notes

Levels and vault maps discovered:
D:1:      psy_arrival_whirlpool, layout_basic, serial_shops, shop
D:2:      layout_basic
D:3:      layout_loops_cross, mainiacjoe_overflow_boulevard,
          shapermc_ecumenical_altar_mp_vishouse, hangedman_decor_clover_reticule
D:4:      layout_layer_cave, kiku_gazebo_garden_becter

Skill      XL: |  1  2  3  4  5 |
---------------+----------------+-----
Earth Magic    | 3 4 |  4.8
Spellcasting   | 3 4 |  4.4
Dodging        | |  1.7
Stealth        | |  1.7
Transmutations | |  0.8

Action                     |  1- 3 |  4- 6 || total
---------------------------+-------+-------++-------
  Melee: Unarmed           |    16 |       ||    16
         Short sword       |     3 |       ||     3
         Punch             |     1 |       ||     1
         Dagger            |     2 |       ||     2
         Staff             |       |    19 ||    19
         Tailslap          |       |     3 ||     3
   Cast: Sandblast         |    55 |    36 ||    91
    Use: Scroll            |       |     3 ||     3
 Armour: Robe              |    34 |    36 ||    70
  Dodge: Dodged            |    32 |    48 ||    80

Table legend: (Time is in decaauts)
 A = Elapsed time spent in this place.
 B = Non-inter-level travel time spent in this place.
 C = Inter-level travel time spent in this place.
 D = Time resting spent in this place.
 E = Time spent auto-exploring this place.
 F = Levels seen in this place.
 G = Mean time per level.
                   A        B        C        D        E       F      G
               +--------+--------+--------+--------+--------+-----+--------+
         Total |   3108 |   3054 |     54 |      0 |   2545 |   4 |  777.0 |
       Dungeon |   3108 |   3054 |     54 |      0 |   2545 |   4 |  777.0 |
               +--------+--------+--------+--------+--------+-----+--------+

Top non-repeatable levels by time:
     D:2: 935 daAuts
     D:1: 899 daAuts
     D:3: 734 daAuts
     D:4: 539 daAuts
